AoeStats
← chenjim19850924

Arena

510775568Analyzed
4v4 RM · 1d ago on Oct 2, 2026· 40m 41s· 8 players
Game mode
Random Map
Map size
Large (8 player)
Population
200
Speed
Normal
Resources
Standard
Victory
Conquest
Starting age
Dark Age
Ending age
Imperial Age
RankedLock teamsTeams togetherTeam positionsShared explorationLock speedFull tech treeHidden civsTurbo modeCheats
Victory
Defeat
🇹🇷 Ethiopians · Türkiye
1256
+10
🇭🇰 Japanese · Hong Kong SAR China
1238
+11
🇿🇦 Danes · South Africa
1199
+13
🇬🇧 Franks · United Kingdom
1195
+13
🇹🇼 Georgians · Taiwan
1208
-15
🇹🇼 Saxons · Taiwan
1145
-12
🇹🇼 Muisca · Taiwan
1135
-12
🇹🇼 Danes · Taiwan
1020
-8
Frosty
10:29 Feudal Age
11:31 Double-Bit Axe
14:11 Castle Age
11:53 Horse Collar
13:49 Stone Mining
15:17 Bow Saw
16:20 Heavy Plow
18:10 Loom
21:01 Town Watch
29:57 Imperial Age
31:18 Wheelbarrow
32:14 Chemistry
31:56 Ballistics
33:09 Two-Man Saw
31:34 Crossbowman
32:37 Gold Mining
32:45 Fletching
32:55 Padded Archer Armor
32:59 Arbalester
34:49 Siege Engineers
34:56 Masonry
36:02 Bodkin Arrow
36:22 Leather Archer Armor
36:38 Conscription
36:47 Thumb Ring
38:05 Torsion Engines
39:50 Squires
39:52 Bracer
40:35 Ring Archer Armor
40:03 Murder Holes
Terra.
10:45 Feudal Age
12:08 Double-Bit Axe
14:39 Castle Age
12:50 Horse Collar
15:42 Bow Saw
18:06 Wheelbarrow
21:57 Town Watch
21:58 Loom
23:21 Hand Cart
23:42 Town Patrol
25:10 Squires
24:56 Gambesons
25:12 Scale Mail Armor
25:22 Forging
29:28 Imperial Age
26:50 Gold Mining
26:52 Stone Mining
26:52 Arson
27:23 Chain Mail Armor
27:29 Pikeman
29:28 Man-at-Arms
30:54 Iron Casting
30:10 Fletching
30:42 Ballistics
30:33 Masonry
31:06 Plate Mail Armor
31:33 Gold Shaft Mining
31:01 Heavy Plow
30:50 Onager
33:07 Chemistry
32:30 Conscription
32:17 Siege Onager
33:02 Long Swordsman
34:00 Two-Handed Swordsman
35:42 Blast Furnace
35:44 Bodkin Arrow
35:24 Champion
35:30 Capped Ram
37:18 Siege Engineers
36:44 Northmen's Fury
37:50 Caravan
38:43 Stone Shaft Mining
39:13 Elite Jomsviking
放羊老汉
10:52 Feudal Age
11:21 Loom
14:31 Castle Age
12:31 Double-Bit Axe
12:36 Horse Collar
20:15 Heavy Plow
21:37 Bow Saw
22:24 Gold Mining
23:12 Town Watch
24:03 Wheelbarrow
25:06 Hand Cart
24:50 Stone Mining
26:16 Gold Shaft Mining
30:39 Imperial Age
29:38 Forging
29:28 Scale Mail Armor
31:02 Iron Casting
32:02 Conscription
31:02 Elite Samurai
32:05 Chain Mail Armor
32:52 Two-Man Saw
33:52 Blast Furnace
34:02 Plate Mail Armor
34:33 Blast Furnace
K
9:21 Feudal Age
12:19 Double-Bit Axe
15:24 Castle Age
21:16 Wheelbarrow
20:31 Loom
23:23 Bow Saw
23:53 Gold Mining
28:15 Imperial Age
25:30 Town Watch
26:10 Hand Cart
27:34 Gold Shaft Mining
26:54 Stone Mining
27:38 Hand Cart
27:37 Forging
27:32 Scale Barding Armor
28:53 Husbandry
29:32 Iron Casting
29:05 Cavalier
30:27 Chain Barding Armor
32:00 Blast Furnace
31:00 Paladin
32:35 Plate Barding Armor
33:39 Conscription
37:58 Scale Mail Armor
37:48 Fletching
38:00 Caravan
38:59 Cranequins
39:40 Bodkin Arrow
39:46 Padded Archer Armor
段水流大師兄
11:47 Feudal Age
12:42 Horse Collar
12:52 Double-Bit Axe
15:39 Castle Age
14:17 Stone Mining
17:49 Gold Mining
18:36 Stone Shaft Mining
18:04 Heavy Plow
20:17 Wheelbarrow
20:22 Bow Saw
27:00 Imperial Age
24:25 Fletching
24:36 Scale Mail Armor
25:00 Squires
26:09 Gold Shaft Mining
25:42 Padded Archer Armor
25:46 Loom
25:55 Champi Runner
27:05 Forging
27:38 Herbalism
27:29 Champi Warrior
29:38 Crop Rotation
30:19 Hand Cart
30:42 Chain Mail Armor
31:03 Iron Casting
30:42 Elite Champi Warrior
32:20 Plate Mail Armor
39:18 Pikeman
chenjim19850924
11:58 Feudal Age
12:49 Double-Bit Axe
12:51 Horse Collar
15:34 Castle Age
17:03 Bow Saw
17:56 Heavy Plow
29:40 Imperial Age
27:54 Wheelbarrow
27:59 Wheelbarrow
27:10 Town Watch
27:11 Loom
28:04 Scale Mail Armor
28:16 Forging
28:51 Squires
28:36 Arson
28:37 Gambesons
28:49 Gold Mining
28:53 Stone Mining
29:39 Chain Mail Armor
29:47 Elite Varangian Guard
34:47 Conscription
37:51 Plate Mail Armor
39:25 Pikeman
alucard4566
12:00 Feudal Age
16:04 Castle Age
14:20 Double-Bit Axe
14:51 Horse Collar
17:25 Bow Saw
23:02 Wheelbarrow
23:17 Gold Mining
23:18 Stone Mining
24:15 Loom
24:52 Heavy Plow
25:27 Hand Cart
27:08 Town Watch
27:38 Treadmill Crane
30:46 Imperial Age
29:08 Scale Barding Armor
29:13 Forging
29:04 Padded Archer Armor
29:52 Husbandry
30:03 Bloodlines
30:25 Masonry
32:31 Chemistry
32:06 Crop Rotation
32:01 Chain Barding Armor
32:16 Iron Casting
31:04 Elite Monaspa
32:06 Conscription
33:32 Plate Barding Armor
33:14 Leather Archer Armor
36:51 Elite Skirmisher
38:38 Blast Furnace
39:58 Fletching
40:33 Ballistics
yukiro2012
9:59 Feudal Age
11:01 Double-Bit Axe
13:51 Castle Age
28:06 Imperial Age
25:48 Loom
26:38 Wheelbarrow
27:05 Scale Mail Armor
27:15 Forging
27:08 Arson
27:10 Gambesons
27:58 Squires
31:04 Hand Cart
32:27 Horse Collar
33:32 Conscription
33:58 Town Watch
36:46 Fortified Wall
36:14 Elite Varangian Guard
Connection lost

Rejoining the realm…

Still unreachable

The connection could not be restored.

Session expired

The server has moved on; the page needs a fresh start.